TOP OF THE 1ST |
Trois-Riveres Aigles batting - Pitching for Windy City ThunderBolts : LHP Phil Peterson
|
Pitching: LHP Phil Peterson
|
|
Batting: RHB Luis Jara
|
0-0: Bunted foul 0-1: Foul Ball, location: 2F 0-2: Ball 1-2: Strikes out swinging
|
Batting: RHB Dave Valdez
|
0-0: Ball 1-0: Foul Ball, location: 2F 1-1: Ball 2-1: Fly out, F9 (Flyball, 9, EV 84.4 MPH)
|
Batting: RHB Jon Gonzales
|
0-0: Called Strike 0-1: Foul Ball, location: 2F 0-2: Fly out, F8 (Line Drive, 8RM, EV 88.1 MPH)
|
Top of the 1st over - 0 runs, 0 hits, 0 errors, 0 left on base; Trois-Riveres 0 - Windy City 0 |
BOTTOM OF THE 1ST |
Windy City ThunderBolts batting - Pitching for Trois-Riveres Aigles : LHP Han Keijzer
|
Pitching: LHP Han Keijzer
|
|
Batting: LHB Jose Pereyra
|
0-0: Foul Ball, location: 2F 0-1: Foul Ball, location: 2F 0-2: Ground out 6-3 (Groundball, 6M, EV 106.2 MPH)
|
Batting: SHB Rob Haney
|
0-0: Called Strike 0-1: SINGLE (Flyball, 8RS, EV 98.8 MPH)
|
Batting: SHB Noah Long
|
0-0: Ball 1-0: Ball 2-0: Called Strike 2-1: Fielders Choice at 2nd, 6-4 (Groundball, 6MD, EV 80.6 MPH)
|
Batting: RHB Tyrell Camp
|
0-0: Ball 1-0: Ball 2-0: Called Strike 2-1: Foul Ball, location: 2F 2-2: 2-RUN HOME RUN (Flyball, 89XD, EV 107.5 MPH), Distance : 409 ft
|
Batting: RHB Nhat Phong
|
0-0: Ball 1-0: Called Strike 1-1: Ball 2-1: Ball 3-1: Swinging Strike 3-2: Strikes out looking
|
Bottom of the 1st over - 2 runs, 2 hits, 0 errors, 0 left on base; Trois-Riveres 0 - Windy City 2 |
TOP OF THE 2ND |
Trois-Riveres Aigles batting - Pitching for Windy City ThunderBolts : LHP Phil Peterson
|
Batting: SHB Omar Cervantes
|
0-0: Ball 1-0: Ball 2-0: Foul Ball, location: 2F 2-1: Foul Ball, location: 2F 2-2: Strikes out swinging
|
Batting: RHB Sandoval Serzedelo
|
0-0: Called Strike 0-1: Ball 1-1: Called Strike 1-2: Fly out, F3 (Popup, 34, EV 64.4 MPH)
|
Batting: RHB Tony Bonilla
|
0-0: Ball 1-0: Foul Ball, location: 2F 1-1: Called Strike 1-2: Strikes out swinging
|
Top of the 2nd over - 0 runs, 0 hits, 0 errors, 0 left on base; Trois-Riveres 0 - Windy City 2 |
BOTTOM OF THE 2ND |
Windy City ThunderBolts batting - Pitching for Trois-Riveres Aigles : LHP Han Keijzer
|
Batting: SHB Danny Gallegos
|
0-0: Fly out, F3 (Popup, 34, EV 73.1 MPH)
|
Batting: RHB Dave Dominguez
|
0-0: Called Strike 0-1: Foul Ball, location: 2F 0-2: Strikes out swinging
|
Batting: RHB Klaus Brown
|
0-0: Foul Ball, location: 2F 0-1: Swinging Strike 0-2: Ball 1-2: Strikes out swinging
|
Bottom of the 2nd over - 0 runs, 0 hits, 0 errors, 0 left on base; Trois-Riveres 0 - Windy City 2 |
TOP OF THE 3RD |
Trois-Riveres Aigles batting - Pitching for Windy City ThunderBolts : LHP Phil Peterson
|
Batting: RHB Jeff Standridge
|
0-0: Swinging Strike 0-1: Ball 1-1: Ball 2-1: Ball 3-1: Called Strike 3-2: Strikes out swinging passed ball, reaches first!
|
Batting: RHB Willie Acevedo
|
0-0: Swinging Strike 0-1: Ball 1-1: Swinging Strike 1-2: Ball 2-2: Strikes out swinging
|
Batting: RHB Ben Saxton
|
0-0: Ball 1-0: Ball 2-0: Fly out, F7 (Line Drive, 7, EV 98.8 MPH)
|
Batting: RHB Luis Jara
|
0-0: Ball 1-0: Swinging Strike 1-1: Ball 2-1: Ball 3-1: Swinging Strike 3-2: Strikes out swinging
|
Top of the 3rd over - 0 runs, 0 hits, 0 errors, 1 left on base; Trois-Riveres 0 - Windy City 2 |
BOTTOM OF THE 3RD |
Windy City ThunderBolts batting - Pitching for Trois-Riveres Aigles : LHP Han Keijzer
|
Batting: RHB Miguel Pacheco
|
0-0: Ball 1-0: SINGLE (Flyball, 78S, EV 91.2 MPH)
|
Batting: LHB Jose Pereyra
|
0-0: Foul Ball, location: 2F 0-1: Ball Wild Pitch! Miguel Pacheco to second 1-1: Swinging Strike 1-2: Ground out 5-3 (Groundball, 56, EV 109.4 MPH)
|
Batting: SHB Rob Haney
|
0-0: Reached via error on a dropped throw from 3B, E3 (Groundball, 56, EV 76.2 MPH) Miguel Pacheco to third
|
Batting: SHB Noah Long
|
0-0: Foul Ball, location: 2F 0-1: Ball 1-1: Called Strike 1-2: Ball 2-2: Grounds into double play, 6-4-3 (Groundball, 56, EV 88.1 MPH)
|
Bottom of the 3rd over - 0 runs, 1 hit, 1 error, 1 left on base; Trois-Riveres 0 - Windy City 2 |
TOP OF THE 4TH |
Trois-Riveres Aigles batting - Pitching for Windy City ThunderBolts : LHP Phil Peterson
|
Batting: RHB Dave Valdez
|
0-0: Fly out, F7 (Flyball, 7D, EV 100.0 MPH)
|
Batting: RHB Jon Gonzales
|
0-0: Ball 1-0: Ball 2-0: Called Strike 2-1: Foul Ball, location: 2F 2-2: Ball 3-2: Ground out 4-3 (Groundball, 4, EV 90.0 MPH)
|
Batting: SHB Omar Cervantes
|
0-0: Foul Ball, location: 2F 0-1: Ball 1-1: Swinging Strike 1-2: Ball 2-2: Foul Ball, location: 2F 2-2: Foul Ball, location: 2F 2-2: Strikes out looking
|
Top of the 4th over - 0 runs, 0 hits, 0 errors, 0 left on base; Trois-Riveres 0 - Windy City 2 |
BOTTOM OF THE 4TH |
Windy City ThunderBolts batting - Pitching for Trois-Riveres Aigles : LHP Han Keijzer
|
Batting: RHB Tyrell Camp
|
0-0: Ball 1-0: Ball 2-0: SOLO HOME RUN (Flyball, 7LD, EV 98.8 MPH), Distance : 352 ft
|
Batting: RHB Nhat Phong
|
0-0: Ball 1-0: Fly out, F8 (Flyball, 8LXD, EV 95.6 MPH)
|
Batting: SHB Danny Gallegos
|
0-0: Ball 1-0: Swinging Strike 1-1: Called Strike 1-2: Ball 2-2: Foul Ball, location: 2F 2-2: Strikes out looking
|
Batting: RHB Dave Dominguez
|
0-0: SOLO HOME RUN (Flyball, 89XD, EV 102.5 MPH), Distance : 419 ft
|
Batting: RHB Klaus Brown
|
0-0: Ball 1-0: Ball 2-0: Foul Ball, location: 2F 2-1: Ball 3-1: Base on Balls
|
Batting: RHB Miguel Pacheco
|
0-0: Ball 1-0: Called Strike 1-1: Ball 2-1: Ball 3-1: Called Strike 3-2: Ground out 6-3 (Groundball, P, EV 88.8 MPH)
|
Bottom of the 4th over - 2 runs, 2 hits, 0 errors, 1 left on base; Trois-Riveres 0 - Windy City 4 |
TOP OF THE 5TH |
Trois-Riveres Aigles batting - Pitching for Windy City ThunderBolts : LHP Phil Peterson
|
Batting: RHB Sandoval Serzedelo
|
0-0: Foul Ball, location: 2F 0-1: Foul Ball, location: 2F 0-2: Ball 1-2: Ball 2-2: Strikes out swinging
|
Batting: RHB Tony Bonilla
|
0-0: Called Strike 0-1: Ball 1-1: Ball 2-1: Called Strike 2-2: Foul Ball, location: 2F 2-2: Ball 3-2: Foul Ball, location: 2F 3-2: Fly out, F7 (Flyball, 78M, EV 90.0 MPH)
|
Batting: RHB Jeff Standridge
|
0-0: Ball 1-0: Ball 2-0: SINGLE (Line Drive, 7S, EV 106.9 MPH)
|
Batting: RHB Willie Acevedo
|
0-0: Ball 1-0: Ground out 6-3 (Groundball, 6MS, EV 65.6 MPH)
|
Top of the 5th over - 0 runs, 1 hit, 0 errors, 1 left on base; Trois-Riveres 0 - Windy City 4 |
BOTTOM OF THE 5TH |
Windy City ThunderBolts batting - Pitching for Trois-Riveres Aigles : LHP Han Keijzer
|
Batting: LHB Jose Pereyra
|
0-0: Ball 1-0: Ball 2-0: Ball 3-0: Called Strike 3-1: Called Strike 3-2: Base on Balls
|
Batting: SHB Rob Haney
|
0-0: Called Strike Jose Pereyra is caught stealing 2nd base 2-4 0-1: Ball 1-1: Foul Ball, location: 2F 1-2: Ball 2-2: Fly out, F7 (Flyball, 7D, EV 96.2 MPH)
|
Batting: SHB Noah Long
|
0-0: Swinging Strike 0-1: Ball 1-1: Ball 2-1: Fly out, F9 (Line Drive, 9LS, EV 97.5 MPH)
|
Bottom of the 5th over - 0 runs, 0 hits, 0 errors, 0 left on base; Trois-Riveres 0 - Windy City 4 |
TOP OF THE 6TH |
Trois-Riveres Aigles batting - Pitching for Windy City ThunderBolts : LHP Phil Peterson
|
Batting: RHB Ben Saxton
|
0-0: Ball 1-0: Ball 2-0: Called Strike 2-1: Ball 3-1: Foul Ball, location: 2F 3-2: Foul Ball, location: 2F 3-2: Strikes out swinging
|
Pitching: LHP Humberto Carrera
|
|
Batting: RHB Luis Jara
|
0-0: Fly out, F6 (Popup, P, EV 71.2 MPH)
|
Batting: RHB Dave Valdez
|
0-0: Called Strike 0-1: Ball 1-1: Fly out, F7 (Flyball, 7D, EV 96.9 MPH)
|
Top of the 6th over - 0 runs, 0 hits, 0 errors, 0 left on base; Trois-Riveres 0 - Windy City 4 |
BOTTOM OF THE 6TH |
Windy City ThunderBolts batting - Pitching for Trois-Riveres Aigles : LHP Han Keijzer
|
Batting: RHB Tyrell Camp
|
0-0: Ball 1-0: Ball 2-0: Swinging Strike 2-1: Foul Ball, location: 2F 2-2: Foul Ball, location: 2F 2-2: Strikes out swinging
|
Batting: RHB Nhat Phong
|
0-0: Ball 1-0: Ball 2-0: Ball 3-0: Called Strike 3-1: Base on Balls
|
Batting: SHB Danny Gallegos
|
0-0: Ball 1-0: Foul Ball, location: 2F 1-1: Called Strike 1-2: Ball 2-2: Foul Ball, location: 2F 2-2: Strikes out swinging
|
Batting: RHB Dave Dominguez
|
0-0: Ball 1-0: Swinging Strike 1-1: Ball 2-1: Ball 3-1: Base on Balls Nhat Phong to second
|
Batting: RHB Klaus Brown
|
0-0: Foul Ball, location: 2F 0-1: Swinging Strike 0-2: Ball 1-2: Strikes out swinging
|
Bottom of the 6th over - 0 runs, 0 hits, 0 errors, 2 left on base; Trois-Riveres 0 - Windy City 4 |
TOP OF THE 7TH |
Trois-Riveres Aigles batting - Pitching for Windy City ThunderBolts : LHP Humberto Carrera
|
Batting: RHB Jon Gonzales
|
0-0: Foul Ball, location: 2F 0-1: Fly out, F8 (Flyball, 89M, EV 92.5 MPH)
|
Batting: SHB Omar Cervantes
|
0-0: Ball 1-0: Ball 2-0: Foul Ball, location: 2F 2-1: Foul Ball, location: 2F 2-2: Ball 3-2: Ground out 5-3 (Groundball, 56, EV 87.5 MPH)
|
Batting: RHB Sandoval Serzedelo
|
0-0: Ball 1-0: Ground out 1-3 (Groundball, 15, EV 72.5 MPH)
|
Top of the 7th over - 0 runs, 0 hits, 0 errors, 0 left on base; Trois-Riveres 0 - Windy City 4 |
BOTTOM OF THE 7TH |
Windy City ThunderBolts batting - Pitching for Trois-Riveres Aigles : LHP Han Keijzer
|
Batting: RHB Miguel Pacheco
|
0-0: Ball 1-0: Foul Ball, location: 2F 1-1: Swinging Strike 1-2: Ball 2-2: Strikes out swinging
|
Batting: LHB Jose Pereyra
|
0-0: Ball 1-0: Foul Ball, location: 2F 1-1: Fly out, F7 (Flyball, 7, EV 84.4 MPH)
|
Batting: SHB Rob Haney
|
0-0: Fly out, F9 (Flyball, 9, EV 85.0 MPH)
|
Bottom of the 7th over - 0 runs, 0 hits, 0 errors, 0 left on base; Trois-Riveres 0 - Windy City 4 |
TOP OF THE 8TH |
Trois-Riveres Aigles batting - Pitching for Windy City ThunderBolts : LHP Humberto Carrera
|
Batting: RHB Tony Bonilla
|
0-0: Swinging Strike 0-1: Ground out 5-3 (Groundball, 56, EV 105.6 MPH)
|
Batting: RHB Jeff Standridge
|
0-0: Ball 1-0: Foul Ball, location: 2F 1-1: Foul Ball, location: 2F 1-2: Ball 2-2: Ball 3-2: Strikes out swinging, 2-3 out at first.
|
Batting: RHB Willie Acevedo
|
0-0: Ball 1-0: Ground out 5-3 (Groundball, 56S, EV 70.0 MPH)
|
Top of the 8th over - 0 runs, 0 hits, 0 errors, 0 left on base; Trois-Riveres 0 - Windy City 4 |
BOTTOM OF THE 8TH |
Windy City ThunderBolts batting - Pitching for Trois-Riveres Aigles : LHP Han Keijzer
|
Pitching: RHP Jose Arredondo
|
|
Batting: SHB Noah Long
|
0-0: Foul Ball, location: 2F 0-1: Ball 1-1: Ball 2-1: Ball 3-1: Foul Ball, location: 2F 3-2: Fly out, F7 (Flyball, 7S, EV 78.8 MPH)
|
Batting: RHB Tyrell Camp
|
0-0: Called Strike 0-1: Ball 1-1: Foul Ball, location: 2F 1-2: Foul Ball, location: 2F 1-2: Ball 2-2: Ball 3-2: Base on Balls
|
Batting: RHB Nhat Phong
|
0-0: Ball 1-0: Ball 2-0: Called Strike 2-1: 2-RUN HOME RUN (Flyball, 78XD, EV 101.9 MPH), Distance : 407 ft
|
Batting: SHB Danny Gallegos
|
0-0: Ball 1-0: Ball 2-0: Ball 3-0: Called Strike 3-1: Fly out, F8 (Flyball, 8RS, EV 86.9 MPH)
|
Batting: RHB Dave Dominguez
|
0-0: Swinging Strike 0-1: Fly out, F8 (Flyball, 78D, EV 94.4 MPH)
|
Bottom of the 8th over - 2 runs, 1 hit, 0 errors, 0 left on base; Trois-Riveres 0 - Windy City 6 |
TOP OF THE 9TH |
Trois-Riveres Aigles batting - Pitching for Windy City ThunderBolts : LHP Humberto Carrera
|
Pinch Hitting: RHB Kyler Seitz
|
0-0: Called Strike 0-1: Ball 1-1: Foul Ball, location: 2F 1-2: Ground out 6-3 (Groundball, 6, EV 91.9 MPH)
|
Pinch Hitting: RHB Joe Hartigan
|
0-0: Ball 1-0: Ball 2-0: Swinging Strike 2-1: Called Strike 2-2: Foul Ball, location: 2F 2-2: Foul Ball, location: 2F 2-2: Strikes out looking
|
Batting: RHB Dave Valdez
|
0-0: SINGLE (Line Drive, 78S, EV 106.2 MPH)
|
Batting: RHB Jon Gonzales
|
0-0: Ball 1-0: Foul Ball, location: 2F 1-1: Ball 2-1: Reached on error, E1 (Groundball, 15S, EV 65.6 MPH) Dave Valdez to second
|
Batting: SHB Omar Cervantes
|
0-0: Ball 1-0: Fielders Choice at 2nd, 6-4 (Groundball, 56, EV 91.9 MPH)
|
Top of the 9th over - 0 runs, 1 hit, 1 error, 2 left on base; Trois-Riveres 0 - Windy City 6 |
|